 Dungeon Crawl Stone Soup version 0.22.0-5-gf09313c8f9 (webtiles) character file.

625 LLavrengius the Digger (level 7, -2/43 HPs)
             Began as a Gargoyle Earth Elementalist on Aug 13, 2018.
             Was an Initiate of Ashenzari.
             Killed by divine providence
             ... invoked by an orc priest
              (12 damage)
             ... on level 5 of the Dungeon on Aug 14, 2018.
             The game lasted 00:22:20 (5131 turns).

LLavrengius the Digger (GrEE)                       Turns: 5131, Time: 00:22:21

Health: -2/43      AC:  8    Str: 12    XL:     7   Next: 47%
Magic:  9/10       EV: 12    Int: 17    God:    Ashenzari [......]
Gold:   132        SH:  0    Dex: 14    Spells: 1/10 levels left

rFire    . . .     SeeInvis .   w - +6 glaive (venom) (curse)
rCold    + . .     Gourm    .   (shield currently unavailable)
rNeg     + . .     Faith    .   s - +1 leather armour {MR+}
rPois    ∞         Spirit   .   (no helmet)
rElec    +         Reflect  .   (no cloak)
rCorr    .         Harm     .   (no gloves)
MR       +....                  (no boots)
Stlth    ++........             l - amulet of magic regeneration
HPRegen  0.14/turn              r - +4 ring of dexterity
MPRegen  0.37/turn              n - ring of protection from cold

@: no status effects
A: negative energy resistance 1, electricity resistance, unbreathing,
petrification resistance, rot immunity, AC +4
a: Curse Item, Renounce Religion


You were on level 5 of the Dungeon.
You worshipped Ashenzari.
Ashenzari was noncommittal.
You were very hungry.

You visited 1 branch of the dungeon, and saw 5 of its levels.
You also visited: Sewer.

You collected 132 gold pieces.

Inventory:

Hand Weapons
 c - a +0 flail
 w - a cursed +6 glaive of venom (weapon)
Missiles
 b - 83 stones (quivered)
 j - 42 bolts
 m - 23 poisoned needles
 u - 6 needles of paralysis
 y - 25 arrows
Armour
 s - a +1 leather armour of magic resistance (worn)
Jewellery
 a - an uncursed ring of flight
 l - an amulet of magic regeneration (around neck)
 n - a ring of protection from cold (right hand)
 r - a +4 ring of dexterity (left hand)
Scrolls
 e - a scroll of identify
 f - 2 scrolls of teleportation
 k - 2 scrolls of remove curse
 p - a scroll of amnesia
 t - a scroll of magic mapping
 z - a scroll of noise {unknown}
Potions
 g - 3 potions of berserk rage
 h - 3 potions of flight
 o - 8 potions of heal wounds
 q - a potion of haste
 v - a potion of curing
 x - 2 potions of brilliance
Comestibles
 d - 11 rations


   Skills:
 + Level 4.2 Fighting
 + Level 2.1 Polearms
 - Level 2.0 Dodging
 - Level 2.2 Stealth
 - Level 2.1 Spellcasting
   Level 0.7 Transmutations
 * Level 7.9 Earth Magic


You had one spell level left.
You knew the following spells:

 Your Spells              Type           Power        Failure   Level  Hunger
a - Sandblast             Erth           ####..       1%          1    #......
b - Stone Arrow           Conj/Erth      ###...       14%         3    ###....
c - Lee's Rapid Deconstr  Erth           ####......   26%         5    ######.

Your spell library contained the following spells:

 Spells                   Type           Power        Failure   Level  Hunger
 Passwall                 Tmut/Erth      ###.....     6%          2    ###....
 Petrify                  Tmut/Erth      ###.....     38%         4    #####..


Dungeon Overview and Level Annotations

Branches:
Dungeon (5/15)             Temple (0/1) D:4

Altars:
Ashenzari
Elyvilon
Yredelemnul
The Shining One


Innate Abilities, Weirdness & Mutations

You are resistant to torment.
Your stone body is resilient. (AC +4)
You are immune to poison.
You resist negative energy. (rN+)
You are resistant to electric shocks. (rElec)
You can survive without breathing.
You are immune to petrification.
You are immune to rotting.


Message History

The orc priest hits you from afar with a trident.
Attack whom?
Press: ? - help, Dir - move target cursor, f - orc priest
Aim: an orc priest, wielding a trident and wearing a chain mail You reach to attack!
You closely miss the orc priest.
The orc priest mumbles some strange prayers to Beogh against you.
Beogh smites you!
* * * LOW HITPOINT WARNING * * *
The orc completely misses you.
Casting: Sandblast (safe; 1% risk of failure)
Confirm with . or Enter, or press ? or * to list all spells.
Aiming: Sandblast (safe; 1% risk of failure)
Press: ? - help, Shift-Dir - straight line, f/p - orc priest
Aim: an orc priest, wielding a trident and wearing a chain mail The blast of sand hits the orc priest.
The orc priest is heavily wounded.
b - 83 stones The orc priest invokes the aid of Beogh against you.
Beogh smites you!
You die...

#......#,,,,,*,,,,,,,,*,,,,,,*
#......#,,,,,*.......,*,,,,,,*
#......#,,,,,*.......,*,,,,,,*
#......#,,,,,*.......,*,,,,,,,
#.....##,,,,**.o.....,**,,,,,*
#!....########.oo....,**,,,,,*
########.......o.....,,,,,,,,,
#......s.......,,,,,,,,,
#......@o......,,,,,,,,,
#.......S......,,,,,,,,*
#..............,*####+##
#..............,*#.<...#
#.......................
#............>..........
##......................
########......................
#...........###+########......


You could see a scorpion, an orc priest, an orc wizard, an adder and 3 orcs.

Vanquished Creatures
  2 big kobolds (Sewer)
  Blork the orc (D:4)
  A scorpion (D:4)
  An orc priest (D:3)
  An orc wizard (D:4)
  A worker ant (D:4)
  8 river rats
  7 adders
  A shadow imp (D:5)
  An ooze (Sewer)
  4 worms
  2 dart slugs
  3 leopard geckos
  12 orcs
  5 bats
  4 giant cockroaches
  5 goblins
  10 hobgoblins
  21 kobolds
  3 quokkas
  7 ball pythons
  3 frilled lizards
  A quokka skeleton (D:4)
  A quokka zombie (D:5)
  23 rats
128 creatures vanquished.

Notes
Turn   | Place    | Note
-------+----------+-------------------------------------------
     0 | D:1      | LLavrengius the Gargoyle Earth Elementalist began the quest for the Orb.
     0 | D:1      | Reached XP level 1. HP: 10/10 MP: 3/3
   455 | D:1      | Reached skill level 4 in Earth Magic
   455 | D:1      | Reached XP level 2. HP: 15/15 MP: 5/5
  1675 | D:2      | Reached XP level 3. HP: 4/20 MP: 1/6
  1676 | D:2      | Reached skill level 1 in Fighting
  2255 | D:2      | Found a shattered altar of Ashenzari.
  2267 | D:2      | Became a worshipper of Ashenzari the Shackled
  2773 | D:3      | Reached XP level 4. HP: 22/25 MP: 7/7
  2778 | D:3      | Learned a level 3 spell: Stone Arrow
  2806 | D:3      | Reached skill level 5 in Earth Magic
  3216 | D:3      | Reached XP level 5. HP: 30/30 MP: 3/8
  3335 | D:3      | Found a glowing golden altar of the Shining One.
  3638 | D:4      | Noticed Blork the orc
  3648 | D:4      | Killed Blork the orc
  3648 | D:4      | Reached skill level 6 in Earth Magic
  3664 | D:4      | Reached XP level 6. HP: 33/37 MP: 7/9
  3676 | D:4      | Learned a level 5 spell: Lee's Rapid Deconstruction
  3724 | D:4      | Found a white marble altar of Elyvilon.
  3936 | D:4      | Found a staircase to the Ecumenical Temple.
  4064 | D:4      | Found a basalt altar of Yredelemnul.
  4117 | D:5      | Entered Level 5 of the Dungeon
  4175 | D:5      | Reached skill level 1 in Polearms
  4196 | D:5      | Reached skill level 7 in Earth Magic
  4277 | D:5      | Found a glowing drain.
  4283 | Sewer    | Entered a sewer
  4329 | Sewer    | Reached XP level 7. HP: 35/42 MP: 10/10
  5131 | D:5      | Killed from afar by an orc priest

Skill      XL: |  1  2  3  4  5  6  7 |
---------------+----------------------+-----
Earth Magic    | 4 5 6 7 |  7.9
Fighting       | 1 2 3 4 |  4.2
Dodging        | 2 |  2.0
Polearms       | 1 2 |  2.1
Stealth        | |  2.2
Spellcasting   | |  2.1
Transmutations | |  0.7

Action                   |  1- 3 |  4- 6 |  7- 9 || total
-------------------------+-------+-------+-------++-------
Melee: Dagger            |   166 |    18 |       ||   184
       Unarmed           |     1 |       |       ||     1
       Flail             |       |    57 |       ||    57
       Glaive            |       |    72 |    92 ||   164
 Cast: Sandblast         |    20 |    32 |     5 ||    57
Invok: Curse Item        |       |     1 |       ||     1
 Abil: Evoke Flight      |     1 |       |       ||     1
  Use: Potion            |     1 |       |       ||     1
       Scroll            |       |     3 |    11 ||    14
 Stab: Sleeping          |     5 |     4 |     2 ||    11
  Eat: Chunk             |     6 |     6 |     2 ||    14
Armor: Robe              |    65 |     5 |       ||    70
       Leather armour    |       |    63 |    68 ||   131
Dodge: Dodged            |   136 |   137 |    97 ||   370
